 Dungeon Crawl Stone Soup version 0.28.0 (webtiles) character file.

Game seed: 4084824500147611728

1398 freelancePsychic the Cutter (level 9, -17/65 HPs)
             Began as a Djinni Gladiator on Feb 10, 2022.
             Was a Follower of Makhleb.
             Demolished by an ice beast (19 damage)
             ... on level 7 of the Dungeon.
             The game lasted 00:11:52 (6626 turns).

freelancePsychic the Cutter (Djinni Gladiator)      Turns: 6626, Time: 00:11:53

Health: -17/65     AC: 10    Str: 13    XL:     9   Next: 0%
Gold:   217        EV: 12    Int: 14    God:    Makhleb [*.....] SH:  0 Dex: 15

rFire   + + .      SeeInvis .   a - +1 short sword (venom)
rCold   x . .      Faith    .   (no shield)
rNeg    + . .      Spirit   .   g - +3 leather armour
rPois   ∞          Reflect  .   c - +2 helmet
rElec   .          Harm     .   l - +0 cloak
rCorr   .          Rampage  .   (no gloves)
Will    .....                   (boots unavailable)
Stlth   +.........              (no amulet)
HPRegen 0.20/turn               r - ring of positive energy
MPRegen 0.00/turn               (no ring)

@: flying
A: sickness immunity, fire resistance 2, cold vulnerability 1, float, innate
caster, HP casting, extra vitality 1
a: Renounce Religion


You were on level 7 of the Dungeon.
You worshipped Makhleb.
Makhleb was aware of your devotion.
You visited 1 branch of the dungeon, and saw 8 of its levels.
You also visited: Bailey.

You collected 259 gold pieces.
You spent 42 gold pieces at shops.

Inventory:

Hand Weapons
 a - a +1 short sword of venom (weapon)
 h - a +0 rapier
Armour
 c - a +2 helmet (worn)
 g - a +3 leather armour (worn)
 l - a +0 cloak (worn)
Magical Staves
 b - a staff of cold
Jewellery
 r - a ring of positive energy (left hand)
Scrolls
 e - 2 scrolls of amnesia
 j - a scroll of enchant armour
 k - 3 scrolls of teleportation {@r4}
 q - a scroll of fog
Potions
 d - a potion of flight
 m - a potion of haste {unknown}
 n - 3 potions of lignification {unknown}
 o - a potion of berserk rage {unknown}
 p - 2 potions of might
 s - a potion of heal wounds {unknown}
 t - a potion of resistance


   Skills:
 + Level 5.5 Fighting
 * Level 7.4 Short Blades
 - Level 1.5 Throwing
 - Level 3.2 Dodging
 + Level 0.0 Spellcasting
 - Level 4.6 Invocations


You couldn't memorise any spells.
You knew the following spells:

 Your Spells              Type           Power      Damage    Failure   Level
a - Pain                  Necr           0%         1d4       36%         1
b - Ensorcelled Hibernat  Hex/Ice        0%         N/A       50%         2
c - Wereblood             Tmut           0%         N/A       50%         2
d - Dazzling Flash        Conj/Hex       0%         N/A       73%         3
Your spell library was empty.

Dungeon Overview and Level Annotations

Branches:
Dungeon (8/15)             Temple (0/1) D:5          Bailey (visited)
   Lair: D:8-11

Altars:
Elyvilon
Makhleb
Qazlal
Ru
Xom

Shops:
D:2 :?(   D:3 =


Innate Abilities, Weirdness & Mutations

You are immune to sickness and miasma.
You are immune to poison.
Your flesh is very heat resistant. (rF++)
You are vulnerable to cold. (rC-)
You float through the air rather than walking.
You learn spells naturally, not from books.
Your magical power is your life essence.
You have superior vitality. (+4 MHP)


Message History

Found an escape hatch in the ceiling.
Found a stone staircase leading down.
You hear the quick hiss of a very distant avalanche of sand.
A bullfrog comes into view.
Found a stone staircase leading down.
The bullfrog gives a loud, deep croak!
You hit the bullfrog.
The bullfrog is poisoned.
The bullfrog is moderately wounded.
The bullfrog hits you but does no damage.
As you read the scroll of teleportation {@r4}, it crumbles to dust.
You feel strangely unstable.
The two-headed ogre hits you with a +0 giant club!
The two-headed ogre barely misses you.
The bullfrog hits you but does no damage.
The bullfrog hits you but does no damage. x2
You hit the bullfrog.
The bullfrog is heavily wounded.
The bullfrog hits you.
The two-headed ogre hits you with a +0 giant club!
The two-headed ogre hits you but does no damage.
You closely miss the bullfrog.
The bullfrog is heavily wounded.
The bullfrog hits you but does no damage.
You closely miss the bullfrog.
The bullfrog is heavily wounded.
The bullfrog hits you but does no damage.
The two-headed ogre hits you with a +0 giant club!!
* * * LOW HITPOINT WARNING * * *
The two-headed ogre closely misses you.
Blink to where?
Press: ? - help, Dir - move target
As you read the scroll of blinking, it crumbles to dust.
Your surroundings suddenly seem different.
There is a stone staircase leading up here.
You fly upwards.
There is a stone staircase leading down here.
The ice beast hits you.
* * * LOW HITPOINT WARNING * * *
The ice beast freezes you!!
You feel a terrible chill!
You die...

#........
#.......<.....
#........#
#...........#.
####........#
#######+#...#.
##.........?.#
#.#.###.
#............#
#####.#<....
#............#
#...........
#............#
#...........
#.###.......Y#
#....>......
#<# #.......@#
#........<..
#.# #...!....#
#...........
#.# ##########
#...........
#.#
#...........
#.#
#...........
#.#
#...........
#.#
#...........
#.#
############


You could see an ice beast.

Vanquished Creatures
  Sigmund (D:3)
  A basilisk (D:8)
  A water moccasin (D:8)
  A black bear (D:5)
  A phantom (D:7)
  A bullfrog (D:6)
  2 scorpions (D:5)
  3 killer bees (D:6)
  A centaur zombie (D:8)
  A jelly (D:4)
  3 orc priests
  A bullfrog skeleton (D:5)
  An orc wizard (D:5)
  A killer bee zombie (D:8)
  9 gnolls
  A howler monkey skeleton (D:7)
  6 adders
  A shadow imp (D:8)
  2 white imps (D:5)
  A worm (D:2)
  3 dart slugs
  10 orcs
  6 endoplasms
  3 giant cockroaches
  11 goblins
  8 hobgoblins
  2 quokkas
  9 ball pythons
  4 bats
  A frilled lizard (D:1)
  12 kobolds
  2 rats
110 creatures vanquished.

Vanquished Creatures (others)
  A bat (D:3)
  9 plants (D:6)
10 creatures vanquished.

Grand Total: 120 creatures vanquished

Notes
Turn   | Place    | Note
-------+----------+-------------------------------------------
     0 | D:1      | freelancePsychic the Djinni Gladiator began the quest for
                  | the Orb.
     0 | D:1      | Reached XP level 1. HP: 18/18 MP: 0/0
   126 | D:1      | Reached skill level 3 in Short Blades
   126 | D:1      | Reached XP level 2. HP: 16/23 MP: 0/0
   570 | D:1      | Reached XP level 3. HP: 29/29 MP: 0/0
   570 | D:1      | Learned a level 1 spell: Pain
   795 | D:1      | Found a faded altar of an unknown god.
  1336 | D:2      | Found Liheeros's Book Shoppe.
  1392 | D:2      | Reached XP level 4. HP: 34/34 MP: 0/0
  1445 | D:2      | Found Pekyibix's Magic Scroll Emporium.
  1449 | D:2      | Bought a scroll of teleportation for 42 gold pieces
  1495 | D:2      | Found a burning altar of Makhleb.
  1506 | D:2      | Became a worshipper of Makhleb the Destroyer
  1662 | D:2      | Reached skill level 4 in Short Blades
  1716 | D:2      | Found Rarresiu's Antique Weapon Emporium.
  1820 | D:3      | Found Okhleggu's Jewellery Emporium.
  1828 | D:3      | Reached skill level 1 in Invocations
  1828 | D:3      | Reached XP level 5. HP: 22/40 MP: 0/0
  1828 | D:3      | Learned a level 2 spell: Ensorcelled Hibernation
  2094 | D:3      | Noticed Sigmund
  2111 | D:3      | Killed Sigmund
  2112 | D:3      | Reached skill level 5 in Short Blades
  2112 | D:3      | Reached XP level 6. HP: 31/47 MP: 0/0
  2417 | D:3      | Found a white marble altar of Elyvilon.
  3061 | D:4      | Found a sacrificial altar of Ru.
  3736 | D:4      | Reached * piety under Makhleb
  3737 | D:4      | Reached XP level 7. HP: 37/51 MP: 0/0
  3737 | D:4      | Learned a level 2 spell: Wereblood
  3843 | D:5      | Entered Level 5 of the Dungeon
  4232 | D:5      | Reached skill level 6 in Short Blades
  4442 | D:5      | Found a shimmering altar of Xom.
  4831 | D:5      | Found a staircase to the Ecumenical Temple.
  4898 | D:5      | Reached XP level 8. HP: 55/58 MP: 0/0
  5224 | D:6      | Found a stormy altar of Qazlal.
  5909 | D:7      | Reached skill level 5 in Fighting
  6033 | D:8      | Noticed a basilisk
  6051 | D:8      | Killed a basilisk
  6052 | D:8      | Reached skill level 7 in Short Blades
  6093 | D:8      | Found a flagged portal.
  6204 | Bailey   | Entered a bailey
  6354 | Bailey   | Reached XP level 9. HP: 51/65 MP: 0/0
  6354 | Bailey   | Learned a level 3 spell: Dazzling Flash
  6371 | Bailey   | Noticed an orc knight
  6545 | D:8      | Noticed a two-headed ogre
  6615 | D:8      | HP: 2/65 [two-headed ogre (24)]
  6626 | D:7      | HP: 2/65 [ice beast (3)]
  6626 | D:7      | Demolished by an ice beast

Illustrated notes

Levels and vault maps discovered:
D:1:      dpeg_arrival_renting, layout_basic,
          shapermc_ecumenical_altar_hornbeckon, serial_forest,
          infiniplex_forest_fountain, infiniplex_forest_lined_room_3,
          infiniplex_forest_straight_2, infiniplex_forest_clump_long,
          infiniplex_forest_straight_4, infiniplex_forest_end_1,
          infiniplex_forest_end_1
D:2:      layout_basic, basic_altar, serial_shops, shop, shop, shop
D:3:      layout_basic, elyvilon_altar_4, serial_shops, nicolae_shop_waterfront,
          nicolae_concentric_dashed_squares_mild, feat_on_display, uniq_sigmund
D:4:      layout_layer_cave, kennysheep_mini_moat
D:5:      layout_basic, xom_teletrap_fun, temple_fountains
D:6:      layout_loops_ring, grunt_qazlal_clouds, serial_bayou_lake_a
D:7:      layout_basic, minmay_manual_mares
D:8:      layout_loops_cross, kennysheep_mini, enter_bailey_5,
          nicolae_ossuary_entry_false_entrances, uniq_erica

Skill      XL: |  1  2  3  4  5  6  7  8 |
---------------+-------------------------+-----
Short Blades   | 3 4 5 6 7 |  7.4
Fighting       | 3 4 5 |  5.5
Invocations    | 1 2 3 4 |  4.6
Throwing       | |  1.5
Dodging        | |  3.2

Action                   |  1- 3 |  4- 6 |  7- 9 || total
-------------------------+-------+-------+-------++-------
Melee: Rapier            |    33 |       |       ||    33
       Short sword       |    50 |    90 |   254 ||   394
       Punch             |     1 |     1 |     5 ||     7
       Staff             |       |       |    23 ||    23
Throw: Throwing net      |       |     3 |     2 ||     5
  Use: Scroll            |       |       |    11 ||    11
 Stab: Sleeping          |       |     1 |       ||     1
Armor: Leather armour    |    19 |    25 |   131 ||   175
Dodge: Dodged            |    47 |    44 |   190 ||   281
